AoeStats
← fbilla94

Golden Pit

510198287Analyzed
1v1 RM · 3d ago on Sep 29, 2026· 55m 18s· 2 players
Game mode
Random Map
Map size
Tiny (2 player)
Population
200
Speed
Normal
Resources
Standard
Victory
Conquest
Starting age
Dark Age
Ending age
Imperial Age
RankedLock teamsTeams togetherTeam positionsShared explorationLock speedFull tech treeHidden civsTurbo modeCheats
Victory
Defeat
🇺🇸 Portuguese · United States
869
+15
🇨🇱 Goths · Chile
849
-15
fbilla94
3:08 Loom
12:43 Feudal Age
12:55 Man-at-Arms
17:58 Scale Mail Armor
22:08 Wheelbarrow
21:53 Double-Bit Axe
30:13 Castle Age
29:15 Bloodlines
32:30 Husbandry
33:19 Long Swordsman
34:00 Squires
37:09 Town Watch
40:13 Hand Cart
48:41 Imperial Age
49:00 Cavalier
52:15 Conscription
t98756
10:46 Feudal Age
9:03 Loom
11:32 Arson
12:36 Man-at-Arms
26:02 Castle Age
28:36 Double-Bit Axe
29:01 Fletching
28:43 Crossbowman
29:35 Horse Collar
29:26 Pikeman
32:41 Thumb Ring
42:21 Imperial Age
40:46 Forging
42:40 Bow Saw
44:23 Chemistry
44:53 Wheelbarrow
52:22 Arbalester
54:17 Halberdier
Connection lost

Rejoining the realm…

Still unreachable

The connection could not be restored.

Session expired

The server has moved on; the page needs a fresh start.